 Dungeon Crawl Stone Soup version 0.24.0-123-gd5b16e6ec5 (webtiles) character file.

Game seed: 13130485561452080326, levelgen mode: deterministic

2251 glosham the Fighter (level 9, 0/82 HPs)
             Began as a Mummy Abyssal Knight on Jan 14, 2020.
             Was a Priest of Lugonu.
             Slain by an ogre
             ... wielding a +0 giant club
              (4 damage)
             ... on level 7 of the Dungeon.
             The game lasted 01:29:01 (4313 turns).

glosham the Fighter (Mummy Abyssal Knight)          Turns: 4313, Time: 01:29:01

Health: 0/82       AC: 18    Str: 15    XL:     9   Next: 15%
Magic:  10/10      EV:  4    Int: 14    God:    Lugonu [***...]
Gold:   26         SH:  0    Dex: 12    Spells: 8/8 levels left

rFire    x . .     SeeInvis +   a - +7 bardiche "Kiatyi Zoqut" {drain, rN+}
rCold    + . .     Gourm    .   (shield currently unavailable)
rNeg     + + +     Faith    .   X - +1 plate armour {rPois}
rPois    ∞         Spirit   .   U - +1 helmet
rElec    .         Reflect  .   Y - +2 cloak
rCorr    .         Harm     .   (no gloves)
MR       +....                  W - +1 pair of boots
Stlth    ..........             (no amulet)
HPRegen  0.23/turn              (no ring)
MPRegen  0.12/turn              I - ring of see invisible

@: no status effects
A: no food or potions, fire vulnerability, cold resistance 1, negative energy
resistance 3, torment resistance, unbreathing
a: Depart the Abyss, Bend Space, Banish, Renounce Religion


You were on level 7 of the Dungeon.
You worshipped Lugonu.
Lugonu was most pleased with you.
You were not hungry.

You visited 1 branch of the dungeon, and saw 7 of its levels.
You visited the Abyss 1 time.

You collected 525 gold pieces.
You spent 499 gold pieces at shops.

Inventory:

Hand Weapons
 a - the +7 bardiche "Kiatyi Zoqut" (weapon) {drain, rN+}
   (You found it on level 5 of the Dungeon)

   A truly terrible weapon, it drains the life of those it strikes.
   It protects you from negative energy.
 b - the +9 flail of Aciol {drain, Str-4 Int+7}
   (You found it on level 6 of the Dungeon)

   A truly terrible weapon, it drains the life of those it strikes.
   It affects your strength (-4).
   It affects your intelligence (+7).
 c - a +0 shortbow
 d - a +1 hand axe
 o - a +1 flail of protection
Missiles
 e - 44 sling bullets
 j - 40 poisoned darts (quivered)
 l - 276 stones
 n - 31 arrows
 u - 4 boomerangs
Armour
 h - a +2 ring mail of cold resistance
 p - a +2 chain mail of cold resistance
 U - a +1 helmet (worn)
 W - a +1 pair of boots (worn)
 X - a +1 plate armour of poison resistance (worn)
 Y - a +2 cloak (worn)
Jewellery
 I - a ring of see invisible (right hand)
Wands
 g - a wand of digging (2)
 i - a wand of enslavement (8)
 m - a wand of scattershot (5)
Scrolls
 f - 3 scrolls of amnesia
 k - 5 scrolls of teleportation


   Skills:
 * Level 12.2 Fighting
 - Level 1.5 Axes
 - Level 1.5 Armour
 - Level 0.7 Dodging
 - Level 1.5 Invocations


You had 8 spell levels left.
You didn't know any spells.
Your spell library was empty.

Dungeon Overview and Level Annotations

Branches:
Dungeon (7/15)             Temple (0/1) D:5

Altars:
Nemelex Xobeh
Xom

Shops:
D:6 [*[*=


Innate Abilities, Weirdness & Mutations

You do not eat or drink.
Your flesh is vulnerable to fire.
You are immune to poison.
Your flesh is cold resistant. (rC+)
You are immune to negative energy. (rN+++)
You are immune to unholy pain and torment.
You can survive without breathing.


Message History

Press: ? - help, Dir - move target cursor, f - orc
Aim: an orc, wielding a +2 flail of protection You reach to attack!
You hit the orc. You drain the orc.
The orc is heavily wounded.
The orc hits you but does no damage.
You slash the orc!
You kill the orc!
Lugonu accepts your kill.
The hound skeleton bites you but does no damage.
The hound skeleton barely misses you.
You slash the hound skeleton!
The hound skeleton is almost destroyed.
The hound skeleton completely misses you.
The hound skeleton bites you but does no damage.
You hit the hound skeleton.
You destroy the hound skeleton!
Lugonu accepts your kill.
Items here: )) [ †† a +2 flail of protection; a +0 whip; a +0 leather armour; an orc corpse a black bear corpse You see here a +0 club.
An ogre comes into view. It is wielding a +0 giant club.
The ogre shouts!
The ogre hits you with a +0 giant club!
There is an open door here.
You slice the ogre!!
The ogre is severely wounded.
The ogre hits you with a +0 giant club!
You barely miss the ogre.
The ogre is severely wounded.
The ogre hits you with a +0 giant club! x2
* * * LOW HITPOINT WARNING * * *
Your plate armour prevents you from hitting the ogre.
The ogre is severely wounded.
The ogre hits you with a +0 giant club!
* * * LOW HITPOINT WARNING * * *
You closely miss the ogre.
The ogre is severely wounded.
The ogre hits you with a +0 giant club.
You die...

..##.#.######..######.
.......... ........
...#.... ?.... #.....#
#..# #.....# ###..# #
#$....# .#<.#.#####
#.#.....##.#.##.#....
#......)...#(...#.###
#..#@###)######...#
.... #.O.#..........#
.. ###.#########..# .#
##.# # ...# ...# ....
.#.# ..


You could see an ogre.

Vanquished Creatures
  Pikel (D:4)
  Prince Ribbit (D:6)
  Grinder (D:5)
  Sigmund (D:3)
  4 slaves
  A black bear (D:7)
  2 ogres
  A centaur (D:5)
  2 crimson imps
  A bullfrog zombie (D:7)
  A hound (D:4)
  A bullfrog skeleton (D:5)
  An orc priest (D:5)
  11 orc wizards
  2 iguanas
  Terence (D:3)
  5 worker ants
  A hound skeleton (D:7)
  A worker ant zombie (D:5)
  6 adders
  3 shadow imps (D:6)
  2 adder skeletons
  3 worms
  2 dart slugs (D:1)
  4 leopard geckos
  31 orcs
  3 bats
  A giant cockroach (D:1)
  2 goblins
  7 hobgoblins
  5 jackals
  7 kobolds
  2 quokkas
  2 ball pythons
  A ball python skeleton (D:4)
  6 frilled lizards
  15 rats
141 creatures vanquished.

Notes
Turn   | Place    | Note
-------+----------+-------------------------------------------
     0 | Abyss:1  | glosham the Mummy Abyssal Knight began the quest for the
                  | Orb.
     0 | Abyss:1  | Reached XP level 1. HP: 18/18 MP: 2/2
    17 | Abyss:2  | Found a corrupted altar of Lugonu.
    17 | Abyss:2  | Noticed an ancient zyme
    41 | Abyss:2  | Noticed a worldbinder
    65 | Abyss:3  | Noticed a neqoxec
    66 | Abyss:3  | Noticed a starcursed mass
    75 | Abyss:3  | Noticed a crimson imp
    83 | Abyss:3  | Noticed a neqoxec
   112 | Abyss:3  | Noticed a smoke demon
   136 | D:1      | Escaped the Abyss
   172 | D:1      | Reached * piety under Lugonu
   214 | D:1      | HP: 1/18 [rat (1)]
   215 | D:1      | Reached XP level 2. HP: 1/24 MP: 3/3
   523 | D:1      | Reached skill level 4 in Fighting
   866 | D:1      | Reached XP level 3. HP: 24/30 MP: 4/4
  1115 | D:2      | Reached XP level 4. HP: 34/38 MP: 5/5
  1243 | D:2      | Reached skill level 5 in Fighting
  1446 | D:3      | Noticed Sigmund
  1496 | D:2      | Reached ** piety under Lugonu
  1572 | D:3      | Noticed Terence
  1582 | D:3      | Killed Terence
  1769 | D:3      | Reached XP level 5. HP: 41/46 MP: 6/6
  1803 | D:3      | Reached skill level 6 in Fighting
  1975 | D:3      | Killed Sigmund
  1975 | D:3      | Reached skill level 7 in Fighting
  1975 | D:3      | Reached XP level 6. HP: 38/55 MP: 7/7
  2250 | D:4      | Reached skill level 8 in Fighting
  2250 | D:4      | Reached XP level 7. HP: 25/62 MP: 8/8
  2666 | D:5      | Entered Level 5 of the Dungeon
  2682 | D:4      | Reached *** piety under Lugonu
  2800 | D:5      | Found a staircase to the Ecumenical Temple.
  2828 | D:4      | Reached skill level 9 in Fighting
  2870 | D:5      | Found a sparkling altar of Nemelex Xobeh.
  2931 | D:5      | Reached XP level 8. HP: 46/72 MP: 9/9
  2932 | D:5      | Noticed Pikel
  2939 | D:5      | Reached skill level 10 in Fighting
  2969 | D:4      | Killed Pikel
  2969 | D:4      | Reached skill level 11 in Fighting
  3085 | D:5      | Noticed Grinder
  3131 | D:5      | Killed Grinder
  3201 | D:5      | HP: 5/75 [slave[Pikel] (4)]
  3206 | D:5      | HP: 4/75 [slave[Pikel] (2)]
  3216 | D:5      | HP: 6/75 [worker ant (1)]
  3232 | D:5      | HP: 1/76 [slave[Pikel] (6)]
  3279 | D:4      | HP: 7/76 [slave[Pikel] (5)]
  3304 | D:4      | HP: 6/76 [slave[Pikel] (6)]
  3588 | D:5      | Got a twisted bardiche
  3594 | D:5      | Identified the +7 bardiche "Kiatyi Zoqut" {drain, rN+} (You
                  | found it on level 5 of the Dungeon)
  3811 | D:6      | Found Nudustrih's Jewellery Shop.
  3814 | D:6      | Found Xanwaggaib's Assorted Antiques.
  3814 | D:6      | Found Ocetom's Antique Armour Boutique.
  3888 | D:6      | Got a bloodstained flail
  3938 | D:6      | Found a shimmering altar of Xom.
  3994 | D:6      | Noticed Prince Ribbit
  4005 | D:6      | Killed Prince Ribbit
  4005 | D:6      | Reached skill level 12 in Fighting
  4005 | D:6      | Reached XP level 9. HP: 82/82 MP: 10/10
  4011 | D:6      | Found Hoxkem's Antique Armour Shop.
  4092 | D:5      | Identified the +9 flail of Aciol {drain, Str-4 Int+7} (You
                  | found it on level 6 of the Dungeon)
  4111 | D:6      | Found Ongic's Assorted Antiques.
  4208 | D:6      | Bought a fluorescent wand for 104 gold pieces
  4208 | D:6      | Bought a scroll labeled TUCSOU XUREXI for 26 gold pieces
  4232 | D:6      | Bought a short bronze wand for 72 gold pieces
  4232 | D:6      | Bought a glowing gold wand for 72 gold pieces
  4249 | D:6      | Bought an embroidered cloak for 225 gold pieces
  4312 | D:7      | HP: 4/82 [ogre/+0 giant club (15)]
  4313 | D:7      | Slain by an ogre

Levels and vault maps discovered:
D:1:      erik_arrival_orb_chamber, layout_basic
D:2:      layout_rooms
D:3:      layout_rooms, nicolae_underground_beach, uniq_sigmund, uniq_terence
D:4:      layout_loops_cross, corexii_checkpoint_a, minmay_liquid_box
D:5:      layout_rooms, minmay_temple_entry_mist, first_ration,
          nemelex_xobeh_ov_fountains_minmay, uniq_grinder, uniq_pikel
D:6:      layout_rooms, serial_shops, shop_statue, shop, shop, shop, shop,
          xom_teletrap_fun, uniq_prince_ribbit1
D:7:      nicolae_whirlpool, layout_basic, serial_shops, shop_fountains,
          basic_altar

Skill      XL: |  1  2  3  4  5  6  7  8 |
---------------+-------------------------+-----
Fighting       | 4 5 7 8 9 12 | 12.2
Axes           | |  1.5
Armour         | |  1.5
Dodging        | |  0.7
Invocations    | |  1.5

Action                   |  1- 3 |  4- 6 |  7- 9 || total
-------------------------+-------+-------+-------++-------
Melee: Hand axe          |   120 |    65 |    83 ||   268
       Flail             |       |   102 |       ||   102
       Dagger            |       |    15 |    45 ||    60
       War axe           |       |    43 |     3 ||    46
       Trident           |       |    22 |       ||    22
       Dire flail        |       |       |   160 ||   160
       Bardiche          |       |       |    53 ||    53
Throw: Dart              |     9 |    15 |    57 ||    81
Invok: Depart the Abyss  |     1 |       |       ||     1
Evoke: Wand              |       |       |    21 ||    21
  Use: Scroll            |     2 |     7 |     4 ||    13
Armor: Plate armour      |    91 |   179 |   270 ||   540
Dodge: Dodged            |    10 |    68 |    87 ||   165

Table legend:
 A = Turns spent in this place as a percentage of turns spent in the entire game.
 B = Non-inter-level travel turns spent in this place as a percentage of non-inter-level travel turns spent in the entire game.
 C = Inter-level travel turns spent in this place as a percentage of turns spent in this place.
 D = Turns resting spent in this place as a percentage of non-inter-level travel turns spent in this place.
 E = Turns spent auto-exploring this place as a percentage of non-inter-level travel turns spent in this place.
 F = Non-inter-level travel turns spent in this place divided by the number of levels of this place that you've seen.
                   A       B       C       D       E      F
               +-------+-------+-------+-------+-------+----------------------
         Total | 100.0 | 100.0 |   6.0 |   1.3 |   1.4 | 405.5
       Dungeon |  96.8 |  96.6 |   6.2 |   1.4 |   1.5 | 559.9
         Abyss |   3.2 |   3.4 |   0.0 |   0.0 |   0.0 |  45.3
               +-------+-------+-------+-------+-------+----------------------

Table legend:
 A = Kills in this place as a percentage of kills in entire the game.
 B = Kills by you in this place as a percentage of kills by you in the entire game.
 C = Kills by friends in this place as a percentage of kills by friends in the entire game.
 D = Other kills in this place as a percentage of other kills in the entire game.
 E = Experience gained in this place as a percentage of experience gained in the entire game.
 F = Experience gained in this place divided by the number of levels of this place that you have seen.
                   A       B       C       D       E      F
               +-------+-------+-------+-------+-------+----------------------
         Total | 100.0 | 100.0 |   N/A |   N/A | 100.0 | 321.6
       Dungeon | 100.0 | 100.0 |   N/A |   N/A | 100.0 | 459.4
               +-------+-------+-------+-------+-------+----------------------

Levels and vault maps discovered:
D:1:      erik_arrival_orb_chamber, layout_basic
D:2:      layout_rooms
D:3:      layout_rooms, nicolae_underground_beach, uniq_sigmund, uniq_terence
D:4:      layout_loops_cross, corexii_checkpoint_a, minmay_liquid_box
D:5:      layout_rooms, minmay_temple_entry_mist, first_ration,
          nemelex_xobeh_ov_fountains_minmay, uniq_grinder, uniq_pikel
D:6:      layout_rooms, serial_shops, shop_statue, shop, shop, shop, shop,
          xom_teletrap_fun, uniq_prince_ribbit1
D:7:      nicolae_whirlpool, layout_basic, serial_shops, shop_fountains,
          basic_altar
